 Dungeon Crawl Stone Soup version 0.29.1-13-g9f3cf754e1 (webtiles) character file.

Game seed: 17635734193396084830

25 xian the Covered (level 2, -2/23 HPs)
             Began as a Minotaur Wanderer on Jan 24, 2023.
             Slain by an adder (3 damage)
             ... on level 2 of the Dungeon.
             The game lasted 00:02:59 (1236 turns).

xian the Covered (Minotaur Wanderer)                Turns: 1236, Time: 00:03:00

Health: -2/23      AC:  6    Str:  9 (12) XL:     2   Next: 86%
Magic:  4/4        EV:  8    Int: 15 (16) God:
Gold:   65         SH:  0    Dex:  6 (8)  Spells: 4/5 levels left

rFire   . . .      SeeInvis .   d - +0 falchion
rCold   . . .      Faith    .   (no shield)
rNeg    . . .      Spirit   .   c - +0 scale mail
rPois   .          Reflect  .   (helmet restricted)
rElec   .          Harm     .   (no cloak)
rCorr   .          Rampage  .   (no gloves)
Will    .....                   (no boots)
Stlth   ..........              (no amulet)
HPRegen 0.07/turn               (no ring)
MPRegen 0.09/turn               (no ring)

@: lethally poisoned (-2 -> -5), unable to read
A: horns 2, retaliatory headbutt, clever 1, evolution 1, inability to read after
injury 1
a: no special abilities


You were on level 2 of the Dungeon.
You visited 1 branch of the dungeon, and saw 2 of its levels.

You collected 65 gold pieces.

Inventory:

Hand Weapons
 d - a +0 falchion (weapon)
Missiles
 f - 3 poisoned darts (quivered)
Armour
 c - a +0 scale mail (worn)
Scrolls
 i - a scroll of enchant armour {unknown}
 k - a scroll of poison {unknown}
 m - a scroll of amnesia {unknown}
 n - a scroll of fog {unknown}
 o - a scroll of noise {unknown}
Potions
 b - a potion of lignification
 g - a potion of degeneration
 h - a potion of resistance {unknown}
 l - a potion of attraction {unknown}


   Skills:
 + Level 1.2 Fighting
 + Level 1.1 Long Blades
 + Level 3.3 Armour
 + Level 2.3 Spellcasting
 + Level 1.6 Transmutations
 + Level 1.4 Ice Magic


You had 4 spell levels left.
You knew the following spells:

 Your Spells              Type           Power      Damage    Failure   Level
a - Freeze                Ice            24%        1d5       65%         1

Your spell library contained the following spells:

 Spells                   Type           Power      Damage    Failure   Level
 Sting                    Tmut/Pois      16%        1d3       73%         1
 Summon Small Mammal      Summ           4%         N/A       83%         1
 Passwall                 Tmut/Erth      3%         N/A       86%         2
 Ensorcelled Hibernation  Hex/Ice        6%         N/A       87%         2
 Ozocubu's Armour         Ice            6%         N/A       95%         3
 Ignite Poison            Fire/Tmut/Pois 3%         N/A       98%         3
 Call Canine Familiar     Summ           1%         N/A       99%         3
 Summon Guardian Golem    Hex/Summ       1%         N/A       99%         3
 Swiftness                Air            1%         N/A       99%         3


Dungeon Overview and Level Annotations

Branches:
Dungeon (2/15)

Altars:


Innate Abilities, Weirdness & Mutations

You have a pair of horns on your head.
You reflexively headbutt those who attack you in melee.
Your mind is acute. (Int +4, Str/Dex -1)
You have hidden genetic potential.
You occasionally lose the ability to read scrolls when taking damage.


Message History

The adder poisons you!
A kobold comes into view. It is wielding a +0 dagger.
The adder bites you but does no damage.
The kobold shouts!
You hit the adder.
The adder is lightly wounded.
You feel sick. The adder bites you but does no damage.
You barely miss the adder.
The adder is lightly wounded.
You feel sick. The adder bites you but does no damage.
The adder barely misses you.
You completely miss the adder.
The adder is lightly wounded.
You feel sick.
A ball python comes into view.
The adder bites you.
* * * LOW HITPOINT WARNING * * *
You are lethally poisoned!
The adder poisons you! The adder bites you but does no damage.
The ball python moves out of view.
It was a potion of degeneration.
There was something very wrong with that liquid.
You feel weakened.
You feel dopey.
You feel clumsy.
* * * LOW HITPOINT WARNING * * *
You feel sick. The adder closely misses you. You furiously retaliate!
You headbutt the adder, but do no damage.
The kobold hits you with a +0 dagger.
* * * LOW HITPOINT WARNING * * *
It was a potion of mutation.
You feel extremely strange.
You occasionally lose the ability to read scrolls when taking damage.
You feel a hidden potential growing inside you.
You feel clever.
* * * LOW HITPOINT WARNING * * *
You feel sick. The adder closely misses you.
The kobold hits you but does no damage.
It was a potion of magic.
Magic courses through your body.
* * * LOW HITPOINT WARNING * * *
You feel sick. The adder bites you.
You feel threatened and lose the ability to read scrolls!
You die...

#####.###.####....<
#..................
#.###†######.#.....
#.# #.# #.##.... #
#.# #.# #[#####. #.
#.# #.# #.# ##
#.###.###.# #.#
.####.........# #..
........†S@)..# ...
....#.##.K###.# . #
#..# #.# ##.# #.#
.## #.# # #<# ..#
##


You could see an adder and a kobold.

Vanquished Creatures
  2 worms
  2 ball pythons
  2 endoplasms
  A giant cockroach (D:1)
  3 goblins
  2 jackals (D:1)
  2 frilled lizards (D:1)
  3 kobolds (D:1)
  A rat (D:1)
18 creatures vanquished.

Notes
Turn   | Place    | Note
-------+----------+-------------------------------------------
     0 | D:1      | xian the Minotaur Wanderer began the quest for the Orb.
     0 | D:1      | xian set off with the following items: a +0 club, a potion
                  | of lignification, a +0 scale mail; and the following spells
                  | available to memorise: Freeze, Sting, Ensorcelled
                  | Hibernation, Ozocubu's Armour, Ignite Poison.
     0 | D:1      | Reached XP level 1. HP: 16/16 MP: 2/2
    17 | D:1      | Learned a level 1 spell: Freeze
   190 | D:1      | Found a faded altar of an unknown god.
   436 | D:1      | Reached skill level 3 in Armour
   436 | D:1      | Reached XP level 2. HP: 23/23 MP: 4/4
  1210 | D:2      | Reached skill level 1 in Long Blades
  1235 | D:2      | Gained mutation: You occasionally lose the ability to read
                  | scrolls when taking damage. [potion of mutation]
  1235 | D:2      | Gained mutation: You have hidden genetic potential. [potion
                  | of mutation]
  1235 | D:2      | Gained mutation: Your mind is acute. (Int +4, Str/Dex -1)
                  | [potion of mutation]
  1236 | D:2      | HP: 1/23 [poisoned by an adder]
  1236 | D:2      | Slain by an adder

Illustrated notes

Levels and vault maps discovered:
D:1:      dpeg_arrival_brainrot, layout_basic,
          ebering_ecumenical_altar_sacrificial, kennysheep_pointless_box,
          minmay_parallelograms
D:2:      layout_loops_ring, basic_altar, grunt_ministairs_15,
          minmay_pentomino_z4

Skill      XL: |  1  2 |
---------------+-------+-----
Armour         | 3 |  3.3
Long Blades    | 1 |  1.1
Fighting       | |  1.2
Spellcasting   | |  2.3
Transmutations | |  1.6
Ice Magic      | |  1.4

Action                   || total
-------------------------++-------
Melee: Falchion          ||    47
       Headbutt          ||     8
Throw: Stone             ||    30
  Use: Potion            ||     3
Armor: Scale mail        ||    21
Dodge: Dodged            ||    18
